 Dungeon Crawl Stone Soup version 0.17.0-22-g5edae84 (console) character file.

109 jw the Chopper (level 4, -4/32 HPs)
             Began as an Octopode Berserker on Nov 12, 2015.
             Was a Believer of Trog.
             Slain by an orc
             ... wielding a +0 dagger
              (5 damage)
             ... on level 3 of the Dungeon.
             The game lasted 00:08:01 (3033 turns).

jw the Chopper (Octopode Berserker)                 Turns: 3033, Time: 00:08:01

Health: -4/32      AC:  1    Str: 16    XL:     4   Next: 90%
Magic:  4/4        EV: 13    Int:  9    God:    Trog [**....]
Gold:   89         SH:  0    Dex: 12    Spells: 0 memorised, 3 levels left

rFire  . . .     SeeInvis .     a - +0 hand axe
rCold  . . .     Clarity  .     (no shield)
rNeg   . . .     SustAt   .     (helmet restricted)
rPois  .         Gourm    .     d - amulet of inaccuracy (curse)
rElec  .         Spirit   .     (no ring)
rCorr  .         Warding  .     (no ring)
rMut   .         Stasis   .     (no ring)
MR     ++...                    (no ring)
Stlth  ++........               (no ring)
                                (no ring)
                                (no ring)
                                (no ring)

@: regenerating, very resistant to hostile enchantments, unstealthy
A: almost no armour, amphibious, 8 rings, constrict 8, camouflage 1, gelatinous
body 1
a: Berserk, Trog's Hand, Burn Spellbooks, Renounce Religion


You were on level 3 of the Dungeon.
You worshipped Trog.
Trog was pleased with you.
You were hungry.

You visited 1 branch of the dungeon, and saw 3 of its levels.

You collected 89 gold pieces.

Inventory:

Hand Weapons
 a - a +0 hand axe (weapon)
Missiles
 c - 152 stones (quivered)
 e - 4 needles of frenzy
 f - 15 poisoned needles
Jewellery
 d - a cursed amulet of inaccuracy (around mantle)
Comestibles
 b - 4 bread rations


   Skills:
 + Level 3.6 Fighting
 * Level 4.5 Axes
 + Level 1.8 Throwing
 - Level 3.0 Dodging


You had 3 spell levels left.
You didn't know any spells.

Dungeon Overview and Level Annotations

Branches:
Dungeon (3/15)

Altars:
Qazlal


Innate Abilities, Weirdness & Mutations

You cannot wear most types of armour.
You are amphibious.
You can wear up to eight rings at the same time.
You can use your tentacles to constrict eight enemies at once.
Your skin changes colour to match your surroundings (Stealth).
Your rubbery body absorbs attacks (AC +1).


Message History

Unknown command.
Unknown command.
Unknown command.
ATTACK MOVE TO (0,1)
You hit the orc wizard but do no damage.
Your grab misses the orc wizard. You barely miss the orc. You hit the orc.
The orc is moderately wounded.
The orc wizard closely misses you. The orc hits you with a dagger.
The orc misses you.
Unknown command.
Unknown command.
Unknown command.
Unknown command.
ATTACK MOVE TO (0,1)
You hit the orc wizard. Your grab misses the orc wizard.
The orc wizard is moderately wounded.
You closely miss the orc. You hit the orc.
The orc is moderately wounded.
The orc wizard hits you with a dagger. The orc hits you with a dagger.
You die...

############
#xoo.......#
#oo.....!..#
#..........#
#..o.......#
#....!.(...#######
#.>...............
#...<....).?......
#..........#######
#..!.......#


You could see an orc priest, an orc wizard and 3 orcs.

Table legend:
 A = Turns spent in this place as a percentage of turns spent in the entire game.
 B = Non-inter-level travel turns spent in this place as a percentage of non-inter-level travel turns spent in the entire game.
 C = Inter-level travel turns spent in this place as a percentage of turns spent in this place.
 D = Turns resting spent in this place as a percentage of non-inter-level travel turns spent in this place.
 E = Turns spent auto-exploring this place as a percentage of non-inter-level travel turns spent in this place.
 F = Non-inter-level travel turns spent in this place divided by the number of levels of this place that you've seen.
                   A       B       C       D       E      F
               +-------+-------+-------+-------+-------+----------------------
         Total | 100.0 | 100.0 |   0.4 |   0.7 |   2.7 | 1350.7
       Dungeon | 100.0 | 100.0 |   0.4 |   0.7 |   2.7 | 1350.7
               +-------+-------+-------+-------+-------+----------------------

Table legend:
 A = Kills in this place as a percentage of kills in entire the game.
 B = Kills by you in this place as a percentage of kills by you in the entire game.
 C = Kills by friends in this place as a percentage of kills by friends in the entire game.
 D = Other kills in this place as a percentage of other kills in the entire game.
 E = Experience gained in this place as a percentage of experience gained in the entire game.
 F = Experience gained in this place divided by the number of levels of this place that you have seen.
                   A       B       C       D       E      F
               +-------+-------+-------+-------+-------+----------------------
         Total | 100.0 | 100.0 |  -nan |  -nan | 100.0 |  52.3
       Dungeon | 100.0 | 100.0 |  -nan |  -nan | 100.0 |  52.3
               +-------+-------+-------+-------+-------+----------------------

Vanquished Creatures
  3 adders
  2 oozes (D:1)
  2 worms (D:2)
  4 giant geckos
  An orc (D:2)
  8 hobgoblins
  3 jackals (D:3)
  A quokka (D:2)
  8 bats
  3 giant cockroaches
  7 giant newts
  8 goblins
  9 kobolds
  6 rats
65 creatures vanquished.

Notes
Turn   | Place    | Note
--------------------------------------------------------------
     0 | D:1      | jw the Octopode Berserker began the quest for the Orb.
     0 | D:1      | Reached XP level 1. HP: 16/16 MP: 1/1
   138 | D:1      | Reached XP level 2. HP: 19/21 MP: 2/2
   230 | D:1      | Reached skill level 1 in Throwing
   453 | D:1      | Reached ** piety under Trog
   453 | D:1      | Reached XP level 3. HP: 26/26 MP: 3/3
  1020 | D:2      | Found a stormy altar of Qazlal.
  1184 | D:2      | Reached skill level 4 in Axes
  1325 | D:2      | Reached XP level 4. HP: 31/31 MP: 4/4
  3033 | D:3      | HP: 1/32 [orc wizard/dagger (2)]
  3033 | D:3      | Slain by an orc

Action                   |  1- 3 |  4- 6 || total
-------------------------+-------+-------++-------
Melee: Hand axe          |    66 |    45 ||   111
Throw: Stone             |    97 |    61 ||   158
       Tomahawk          |       |     2 ||     2
Invok: Trog's Hand       |       |     1 ||     1
 Stab: Sleeping          |     1 |       ||     1
  Eat: Chunk             |     1 |     5 ||     6

Vault maps used:
D:1:      saegor_arrival_simple_b, grunt_decor_resistance, serial_bayou_pond_b
D:2:      grunt_qazlal_sundering
